 Dungeon Crawl Stone Soup version 0.19.5 (webtiles) character file.

131 JeffiDaFish the Firebug (level 4, -6/34 HPs)
             Began as a Draconian Fire Elementalist on May 11, 2017.
             Killed by divine providence
             ... invoked by an orc priest
              (13 damage)
             ... on level 4 of the Dungeon on May 26, 2017.
             The game lasted 00:10:37 (2670 turns).

JeffiDaFish the Firebug (DrFE)                      Turns: 2670, Time: 00:10:38

Health: -6/34      AC:  6    Str: 10    XL:     4   Next: 91%
Magic:  7/7        EV: 12    Int: 15    God:
Gold:   158        SH:  0    Dex: 13    Spells: 3 memorised, 1 level left

rFire  . . .     SeeInvis .     c - +4 short sword
rCold  . . .     Gourm    .     (armour unavailable)
rNeg   . . .     Faith    .     (no shield)
rPois  +         Spirit   .     (helmet restricted)
rElec  .         Reflect  .     (no cloak)
rCorr  .         Harm     .     d - +0 pair of gloves
MR     .....                    (no boots)
Stlth  ++........               (no amulet)
                                g - ring of poison resistance
                                h - ring of poison resistance

@: no status effects
A: unfitting armour, cold-blooded, AC +5
a: no special abilities


You were on level 4 of the Dungeon.
You were hungry.

You visited 1 branch of the dungeon, and saw 4 of its levels.

You collected 158 gold pieces.

Inventory:

Hand Weapons
 c - a +4 short sword (weapon)
Armour
 d - a +0 pair of gloves (worn)
Jewellery
 e - an uncursed ring of resist corrosion
 g - a ring of poison resistance (right hand)
 h - a ring of poison resistance (left hand)
Scrolls
 l - a scroll of identify
 n - a scroll of immolation {unknown}
Potions
 k - a potion of curing
Books
 a - a book of Flames

   Spells                             Type                      Level
   a - Flame Tongue                   Conjuration/Fire             1
   b - Throw Flame                    Conjuration/Fire             2
   c - Conjure Flame                  Conjuration/Fire             3
   d - Inner Flame                    Hexes/Fire                   3
   e - Sticky Flame                   Conjuration/Fire             4
   f - Fireball                       Conjuration/Fire             5
Comestibles
 b - 3 bread rations
 f - a fruit
 i - a meat ration
 j - a slice of pizza


   Skills:
 + Level 0.4 Fighting
 + Level 1.6 Short Blades
 + Level 2.2 Dodging
 + Level 2.5 Stealth
 + Level 2.5 Spellcasting
 + Level 1.6 Conjurations
 + Level 3.9 Fire Magic


You had one spell level left.
You knew the following spells:

 Your Spells              Type           Power        Failure   Level  Hunger
a - Flame Tongue          Conj/Fire      ##...        10%         1    #......
b - Throw Flame           Conj/Fire      ##....       12%         2    ###....
c - Sticky Flame          Conj/Fire      ##......     78%         4    #####..


Dungeon Overview and Level Annotations

Branches:
Dungeon (4/15)
 Temple: D:4-7

Altars:
Dithmenos
Gozag
Ru
Zin


Innate Abilities, Weirdness & Mutations

Your plain brown scales are hard. (AC +5)
You cannot fit into any form of body armour.
You are cold-blooded and may be slowed by cold attacks.


Message History

The orc priest casts a cantrip, but nothing happens.
You completely miss the orc priest.
The orc priest is heavily wounded.
The orc priest invokes the aid of Beogh against you.
You barely resist. You hit the orc priest.
The orc priest is almost dead.
The orc priest calls down the wrath of Beogh upon you.
Beogh smites you!
The orc priest mumbles some strange prayers to Beogh against you.
Beogh smites you!
* * * LOW HITPOINT WARNING * * *
The orc wizard mumbles some strange words.
The orc wizard seems to speed up.
The orc wizard casts a spell.
The orc wizard flickers and vanishes!
Deactivating autopickup; reactivate with Ctrl-A.
The orc priest calls down the wrath of Beogh upon you.
Beogh smites you!
You die...

#### o{.
##o#####
#..o@..#
#.#..>.#
#......#
#####.##
.. ..#
..# ..#


You could see 2 orc priests and an orc.

Vanquished Creatures
  An orc wizard (D:3)
  2 gnolls (D:3)
  2 adders
  2 worms
  A dart slug (D:1)
  4 leopard geckos
  5 orcs (D:3)
  4 bats
  5 giant cockroaches
  4 hobgoblins
  A quokka (D:2)
  5 goblins
  3 kobolds
  9 rats
48 creatures vanquished.

Notes
Turn   | Place    | Note
-------+----------+-------------------------------------------
     0 | D:1      | JeffiDaFish the Draconian Fire Elementalist began the quest for the Orb.
     0 | D:1      | Reached XP level 1. HP: 14/14 MP: 3/3
   182 | D:1      | Reached XP level 2. HP: 20/20 MP: 1/5
   430 | D:1      | Learned a level 2 spell: Throw Flame
  1038 | D:2      | Reached XP level 3. HP: 26/26 MP: 4/6
  1600 | D:3      | Reached skill level 1 in Short Blades
  1600 | D:3      | Reached XP level 4. HP: 24/33 MP: 1/7
  1919 | D:3      | Found a shadowy altar of Dithmenos.
  2156 | D:3      | Found a sacrificial altar of Ru.
  2207 | D:3      | Learned a level 4 spell: Sticky Flame
  2293 | D:3      | Found a glowing silver altar of Zin.
  2295 | D:3      | Found an opulent altar of Gozag.
  2670 | D:4      | Killed from afar by an orc priest

Skill      XL: |  1  2  3 |
---------------+----------+-----
Dodging        | 2 |  2.2
Stealth        | 2 |  2.5
Short Blades   | 1 |  1.6
Fighting       | |  0.4
Spellcasting   | |  2.5
Conjurations   | |  1.6
Fire Magic     | |  3.9

Action                   |  1- 3 |  4- 6 || total
-------------------------+-------+-------++-------
Melee: Unarmed           |     8 |       ||     8
       Short sword       |    56 |    40 ||    96
       Tailslap          |     5 |     5 ||    10
 Cast: Flame Tongue      |    22 |    12 ||    34
       Throw Flame       |     2 |     2 ||     4
  Use: Potion            |     4 |     2 ||     6
       Scroll            |     5 |     1 ||     6
 Stab: Sleeping          |     5 |     2 ||     7
  Eat: Chunk             |     2 |     4 ||     6
Armor: Skin              |    16 |     9 ||    25
Dodge: Dodged            |    34 |    27 ||    61
